 Dungeon Crawl Stone Soup version 0.24.0-29-g8ce449bc06 (webtiles) character file.

Game seed: 15622208092412881124, levelgen mode: deterministic

46 Flugslaktarn the Covered (level 3, -4/34 HPs)
             Began as a Deep Dwarf Fighter on Nov 15, 2019.
             Slain by Pikel
             ... wielding a +2 whip of electrocution
              (16 damage)
             ... on level 7 of the Dungeon.
             The game lasted 00:00:34 (380 turns).

Flugslaktarn the Covered (Deep Dwarf Fighter)        Turns: 380, Time: 00:00:34

Health: -4/34      AC:  7    Str: 20    XL:     3   Next: 46%
Magic:  3/3        EV:  7    Int:  8    God:
Gold:   10         SH:  9    Dex: 12    Spells: 2/2 levels left

rFire    . . .     SeeInvis .   a - +0 war axe
rCold    . . .     Gourm    .   c - +0 shield
rNeg     . . .     Faith    .   b - +0 scale mail
rPois    .         Spirit   .   (no helmet)
rElec    .         Reflect  .   (no cloak)
rCorr    .         Harm     .   (no gloves)
MR       .....                  (no boots)
Stlth    ..........             (no amulet)
HPRegen  0.00/turn              (no ring)
MPRegen  0.08/turn              (no ring)

@: non-regenerating
A: damage resistance, heal wounds, sense surroundings 1, no regeneration
a: Heal Wounds


You were on level 7 of the Dungeon.
You were not hungry.

You visited 1 branch of the dungeon, and saw 5 of its levels.

You collected 10 gold pieces.

Inventory:

Hand Weapons
 a - a +0 war axe (weapon)
Armour
 b - a +0 scale mail (worn)
 c - a +0 shield (worn)
Scrolls
 k - a scroll of immolation {unknown}
Potions
 d - a potion of might
 f - 2 potions of heal wounds
 g - 3 potions of cancellation {unknown}
 h - a potion of brilliance {unknown}
 i - a potion of mutation {unknown}
Comestibles
 e - 4 rations


   Skills:
 + Level 3.0 Fighting
 * Level 3.2 Axes
 + Level 3.7 Armour
 + Level 3.6 Shields


You had 2 spell levels left.
You didn't know any spells.
Your spell library was empty.

Dungeon Overview and Level Annotations

Branches:
Dungeon (4/15)
 Temple: D:4-7

Altars:

Shops:
D:4 !

Annotations:
D:7 Pikel


Innate Abilities, Weirdness & Mutations

You are resistant to damage.
You can heal yourself by infusing magical energy.
You passively map a small area around you.
You do not regenerate.


Message History

You are electrocuted!
You block the slave's attack. Pikel hits you but does no damage.
You hit Pikel but do no damage.
Pikel is severely wounded.
You hit the slave. The slave hits you but does no damage.
You block Pikel's attack. You block the slave's attack.
You miss Pikel.
Pikel is severely wounded.
You barely miss the slave.
Pikel hits you with a +2 whip of electrocution.
The slave hits you.
You are too injured to fight recklessly!
You are too injured to fight recklessly!
You are too injured to fight recklessly!
You barely miss Pikel.
Pikel is severely wounded.
You completely miss the slave.
Pikel hits you with a +2 whip of electrocution.
You are electrocuted!
You die...

* , # * #?## ,
, ....##### *
* #.....####
..#........# *
......p@#*,#,
.####.#K##.#,
#.#pp..#
#.#p####.# *
#........#
.######.###..#
.)....!.# * ..
, ######..# ,
, #..# , * *


You could see Pikel and 4 slaves.

Vanquished Creatures
  Jessica (D:2)
  An adder (D:3)
  A ball python (D:3)
  A goblin (D:3)
  A hobgoblin (D:2)
  4 bats (D:3)
  2 frilled lizards
  A kobold (D:2)
  3 rats
15 creatures vanquished.

Notes
Turn   | Place    | Note
-------+----------+-------------------------------------------
     0 | D:1      | Flugslaktarn the Deep Dwarf Fighter began the quest for the
                  | Orb.
     0 | D:1      | Reached XP level 1. HP: 20/20 MP: 1/1
    94 | D:2      | Noticed Jessica
   104 | D:2      | Killed Jessica
   104 | D:2      | Reached XP level 2. HP: 27/27 MP: 2/2
   104 | D:2      | Reached XP level 3. HP: 33/33 MP: 3/3
   301 | D:4      | Found Ruoptau's Distillery.
   350 | D:4      | You fall into a shaft and drop 3 floors!
   350 | D:7      | Noticed a slave
   353 | D:7      | Noticed Pikel
   354 | D:7      | Noticed a slave
   355 | D:7      | Noticed a slave
   365 | D:7      | Noticed a slave
   380 | D:7      | Slain by Pikel

Levels and vault maps discovered:
D:1:      lightli_arrival_windingriver, layout_rooms
D:2:      layout_loops_corners, first_ration, chequers_ecumenical_altar_grove,
          uniq_crazy_yiuf_cottage, uniq_jessica
D:3:      layout_rooms, nicolae_underground_beach
D:4:      layout_rooms, gammafunk_ghost_necromancy, serial_shops, shop
D:7:      layout_basic, uniq_pikel, uniq_joseph, uniq_duvessa

Skill      XL: |  1  2  3 |
---------------+----------+-----
Axes           | 3 |  3.2
Fighting       | 3 |  3.0
Armour         | |  3.7
Shields        | |  3.6

Action                   || total
-------------------------++-------
Melee: War axe           ||    69
 Abil: Heal Wounds       ||     3
Armor: Scale mail        ||    37
Dodge: Dodged            ||    40
Block: Shield            ||    51
